 Dungeon Crawl Stone Soup version 0.27-a0-1200-g94dc6ad4cf (webtiles) character file.

Game seed: 11874343594072767896

911 Froggeryz the Cleaver (level 7, -4/55 HPs)
             Began as a Palentonga Fighter on June 1, 2021.
             Was a Believer of the Shining One.
             Slain by a hornet (13 damage)
             ... on level 5 of the Dungeon.
             The game lasted 00:04:21 (4640 turns).

Froggeryz the Cleaver (Palentonga Fighter)          Turns: 4640, Time: 00:04:21

Health: -4/55      AC: 14    Str: 21    XL:     7   Next: 82%
Magic:  7/7        EV:  5    Int:  9    God:    the Shining One [**....]
Gold:   328        SH:  8    Dex:  9    Spells: 6/6 levels left

rFire    . . .     SeeInvis +   a - +0 war axe
rCold    . . .     Faith    .   c - +0 kite shield
rNeg     + . .     Spirit   .   b - +0 scale mail
rPois    .         Reflect  .   h - +0 helmet
rElec    .         Harm     .   (no cloak)
rCorr    .         Rampage  .   (no gloves)
Will     .....                  (no barding)
Stlth    ..........             (no amulet)
HPRegen  0.18/turn              (no ring)
MPRegen  0.10/turn              (no ring)

@: slowed, glowing, curled up, very slow
A: large, rugged brown scales 3, see invisible, deformed body, roll 1, armoured
tail, reflexive curl
a: Rolling Charge, Renounce Religion, Divine Shield


You were on level 5 of the Dungeon.
You worshipped the Shining One.
The Shining One was pleased with you.
You visited 1 branch of the dungeon, and saw 5 of its levels.
You also visited: Sewer.

You collected 328 gold pieces.

Inventory:

Hand Weapons
 a - a +0 war axe (weapon)
Missiles
 s - 5 javelins (quivered)
Armour
 b - a +0 scale mail (worn)
 c - a +0 kite shield (worn)
 h - a +0 helmet (worn)
Jewellery
 t - a ring of ice
Scrolls
 e - 6 scrolls of identify {unknown}
 f - 2 scrolls of noise {unknown}
 i - 2 scrolls of fog {unknown}
 k - a scroll of holy word {unknown}
 o - 3 scrolls of fear {unknown}
 p - 2 scrolls of blinking {unknown}
 r - a scroll of teleportation {unknown}
Potions
 d - 3 potions of might
 g - a potion of cancellation {unknown}
 j - a potion of curing
 l - a potion of lignification {unknown}
 m - a potion of heal wounds {unknown}
 n - a potion of flight {unknown}
 q - a potion of magic {unknown}


   Skills:
 - Level 3.0 Fighting
 * Level 9.0 Axes
 + Level 2.8 Armour
 - Level 2.4 Shields


You had 6 spell levels left.
You didn't know any spells.
Your spell library was empty.

Dungeon Overview and Level Annotations

Branches:
Dungeon (5/15)              Sewer (visited)
 Temple: D:4-7

Altars:
Yredelemnul
The Shining One


Innate Abilities, Weirdness & Mutations

You are completely covered in rugged brown scales. (AC +3, +7% HP)
You have supernaturally acute eyesight. (SInv)
Armour fits poorly on your strangely shaped body.
You can roll at nearby foes to attack.
You have a long armoured tail.
You curl defensively after being hit.


Message History

A hornet comes into view.
There are monsters nearby!
There are monsters nearby!
You hit the hornet.
Your tail-slap misses the hornet.
The hornet is lightly wounded.
The hornet completely misses you.
You completely miss the hornet.
The hornet is lightly wounded.
You slash the iguana! The hornet stings you.
You feel yourself slow down. You block the hornet's attack.
The iguana bites you but does no damage.
You slash the iguana!
You kill the iguana!
You hit the hornet but do no damage. You block the hornet's attack.
The hornet stings you!
You feel as though you will be slow longer.
The hornet stings you!
You feel as though you will be slow longer.
You hit the hornet.
Your tail-slap misses the hornet.
The hornet is moderately wounded.
The hornet stings you!
You feel as though you will be slow longer.
The hornet stings you.
* * * LOW HITPOINT WARNING * * *
You feel as though you will be slow longer.
The hornet stings you!
* * * LOW HITPOINT WARNING * * *
You suddenly lose the ability to move!
The hornet stings you but does no damage.
The hornet stings you.
* * * LOW HITPOINT WARNING * * *
You are lethally poisoned!
You shrug off the repeated paralysis!
You can move again.
Okay, then.
Okay, then.
Okay, then.
It was a potion of curing.
You feel better. The hornet barely misses you. The hornet stings you!
You die...

##. #. #...
#....#.####..
#....#.##...#
#....#.##...##+####
#....#<##..........
#......##..........
#.....)##....(.....
#......†..@y.....#
..#.#####...#####......#
.......................#
.#.######.#.........####
........[.#.........#
.#.....<###.........#
..........#.........#
..........#.........#
###########..######


You could see a hornet.

Vanquished Creatures
  2 ice beasts
  Purgy (Sewer)
  A black bear (D:4)
  A bullfrog (D:4)
  2 scorpions (D:4)
  2 hounds
  A jelly (D:4)
  2 iguanas (D:5)
  An orc wizard (D:4)
  A river rat (D:4)
  10 adders
  An adder skeleton (D:4)
  4 worms
  4 orcs
  3 ball pythons
  9 endoplasms
  2 giant cockroaches
  9 goblins
  4 hobgoblins
  6 jackals (D:1)
  3 quokkas
  4 bats
  6 frilled lizards (Sewer)
  8 kobolds
  8 rats
95 creatures vanquished.

Vanquished Creatures (others)
  A frilled lizard (D:3)
  6 plants (D:4)
7 creatures vanquished.

Grand Total: 102 creatures vanquished

Notes
Turn   | Place    | Note
-------+----------+-------------------------------------------
     0 | D:1      | Froggeryz the Palentonga Fighter began the quest for the
                  | Orb.
     0 | D:1      | Reached XP level 1. HP: 19/19 MP: 1/1
    75 | D:1      | Found a faded altar of an unknown god.
   123 | D:1      | Became a worshipper of the Shining One
   123 | D:1      | Reached * piety under the Shining One
   288 | D:1      | Reached skill level 3 in Axes
   288 | D:1      | Reached XP level 2. HP: 16/25 MP: 2/2
   945 | D:2      | Reached XP level 3. HP: 8/31 MP: 3/3
  1442 | D:2      | Reached skill level 4 in Axes
  1872 | D:3      | Noticed an ice beast
  1880 | D:3      | Killed an ice beast
  1881 | D:3      | Reached skill level 5 in Axes
  1881 | D:3      | Reached XP level 4. HP: 10/37 MP: 4/4
  1881 | D:3      | Reached XP level 5. HP: 11/43 MP: 5/5
  2119 | D:3      | Found a runed translucent door.
  2119 | D:3      | Noticed a human
  2125 | D:3      | Found a basalt altar of Yredelemnul.
  2414 | D:3      | Reached skill level 6 in Axes
  2828 | D:4      | Reached XP level 6. HP: 39/50 MP: 6/6
  3073 | D:4      | Reached skill level 7 in Axes
  3314 | D:4      | Gained mutation: You curl defensively after being hit.
                  | [Palentonga growth]
  3314 | D:4      | Reached XP level 7. HP: 47/55 MP: 7/7
  3340 | D:4      | Found a glowing drain.
  3345 | Sewer    | Entered a sewer
  3345 | Sewer    | Reached ** piety under the Shining One
  3377 | Sewer    | Noticed Purgy
  3385 | Sewer    | Killed Purgy
  3386 | Sewer    | Reached skill level 8 in Axes
  4403 | D:5      | Entered Level 5 of the Dungeon
  4415 | D:5      | Identified the +0 ring mail of Greed {Harm Int-4 Dex+8}
  4576 | D:5      | Reached skill level 9 in Axes
  4632 | D:5      | Noticed a hornet
  4638 | D:5      | Paralysed by a hornet for 2 turns
  4640 | D:5      | Slain by a hornet

Illustrated notes

Levels and vault maps discovered:
D:1:      minmay_arrival_five_plusses, layout_basic,
          ebering_ecumenical_altar_hall
D:2:      layout_basic
D:3:      kennysheep_the_goblin_king, layout_loops_ring, dk_yredelemnul_ordeal
D:4:      layout_basic, serial_forest, infiniplex_forest_lined_2,
          infiniplex_forest_clump_long, infiniplex_forest_straight_1,
          infiniplex_forest_lined_1, infiniplex_forest_clump_medium,
          infiniplex_forest_lined_2, lightli_sewer_entry_pipes,
          corexii_leaking_fountain, hangedman_feature_mirror
D:5:      layout_basic, lemuel_tele_altar, ebering_ghost_sewer_f,
          minmay_lizard_king, uniq_edmund

Skill      XL: |  1  2  3  4  5  6  7 |
---------------+----------------------+-----
Axes           | 3 5 6 7 9 |  9.0
Fighting       | |  3.0
Armour         | |  2.8
Shields        | |  2.4

Action                   |  1- 3 |  4- 6 |  7- 9 || total
-------------------------+-------+-------+-------++-------
Melee: War axe           |    69 |    81 |    69 ||   219
       Tailslap          |    11 |     4 |     9 ||    24
 Abil: Rolling Charge    |     1 |       |       ||     1
  Use: Potion            |       |       |     1 ||     1
Armor: Scale mail        |    41 |    53 |    36 ||   130
Dodge: Dodged            |    16 |    23 |    17 ||    56
Block: Kite shield       |    35 |    44 |    26 ||   105

Table legend: (Time is in decaauts)
 A = Elapsed time spent in this place.
 B = Non-inter-level travel time spent in this place.
 C = Inter-level travel time spent in this place.
 D = Time resting spent in this place.
 E = Time spent auto-exploring this place.
 F = Levels seen in this place.
 G = Mean time per level.
                   A        B        C        D        E       F      G
               +--------+--------+--------+--------+--------+-----+--------+
         Total |   4810 |   4557 |    253 |    680 |   3058 |   6 |  801.7 |
       Dungeon |   4547 |   4294 |    253 |    628 |   2925 |   5 |  909.4 |
         Sewer |    262 |    262 |      0 |     52 |    132 |   1 |  262.0 |
               +--------+--------+--------+--------+--------+-----+--------+

Top non-repeatable levels by time:
     D:4: 1453 daAuts
     D:2: 1182 daAuts
     D:1: 936 daAuts
     D:3: 732 daAuts
   Sewer: 262 daAuts
     D:5: 243 daAuts
